 Dungeon Crawl Stone Soup version 0.20.0-10-g0535bb4 (webtiles) character file.

301 skittles the Firebug (level 6, -1/76 HPs)
             Began as a Draconian Fire Elementalist on June 6, 2017.
             Was an Initiate of Vehumet.
             Slain by a big kobold zombie (3 damage)
             ... in an ossuary.
             The game lasted 00:12:49 (3532 turns).

skittles the Firebug (Draconian Fire Elementalist)  Turns: 3532, Time: 00:12:49

Health: -1/76      AC: 25    Str: 10 (11) XL:     6   Next: 14%
Magic:  4/9        EV:  2    Int: 15 (17) God:    Vehumet [......]
Gold:   188        SH:  0    Dex:  9 (11) Spells: 5/9 levels left

rFire    . . .     SeeInvis .   j - +0 spear
rCold    . . .     Gourm    .   (no shield)
rNeg     + + +     Faith    .   (armour unavailable)
rPois    +         Spirit   .   (helmet currently unavailable)
rElec    .         Reflect  .   (cloak currently unavailable)
rCorr    .         Harm     .   (gloves currently unavailable)
MR       .....     NoTele   +   (boots currently unavailable)
Stlth    ++........             (no amulet)
Regen    0.3/turn               f - +2 ring of protection
MPRegen  0.2/turn               (no ring)

@: tree-form (expiring)
A: unfitting armour, AC +6
a: Renounce Religion


You were in an ossuary.
You worshipped Vehumet.
Vehumet was noncommittal.
You were hungry.
You were a tree.
You visited 1 branch of the dungeon, and saw 4 of its levels.
You also visited: Ossuary.

You collected 188 gold pieces.

Inventory:

Hand Weapons
 e - a +0 dagger
 j - a +0 spear (weapon)
Jewellery
 f - a +2 ring of protection (left branch)
Scrolls
 c - 2 scrolls of amnesia {unknown}
 d - a scroll of enchant weapon {unknown}
 h - 2 scrolls of enchant armour {unknown}
 k - 2 scrolls of identify {unknown}
 n - 3 scrolls of remove curse {unknown}
 r - a scroll of teleportation {unknown}
 s - a scroll of fog {unknown}
Potions
 g - 2 potions of agility
 m - a potion of lignification
Books
 a - a book of Flames

   Spells                             Type                      Level
   a - Flame Tongue                   Conjuration/Fire             1
   b - Throw Flame                    Conjuration/Fire             2
   c - Conjure Flame                  Conjuration/Fire             3
   d - Inner Flame                    Hexes/Fire                   3
   e - Sticky Flame                   Conjuration/Fire             4
   f - Fireball                       Conjuration/Fire             5
Comestibles
 b - 6 bread rations
 i - 2 meat rations
 o - 2 royal jellies
 q - 4 fruits


   Skills:
 + Level 3.0 Fighting
 + Level 3.3 Dodging
 - Level 1.7 Stealth
 - Level 2.0 Spellcasting
 + Level 3.1 Conjurations
 + Level 4.3 Fire Magic


You had 5 spell levels left.
You knew the following spells:

 Your Spells              Type           Power        Failure   Level  Hunger
a - Flame Tongue          Conj/Fire      ##...        4%          1    #......
b - Conjure Flame         Conj/Fire      ##......     14%         3    ###....


Dungeon Overview and Level Annotations

Branches:
Dungeon (4/15)
 Temple: D:4-7

Altars:
Sif Muna
Vehumet


Innate Abilities, Weirdness & Mutations

((Your plain brown scales are hard. (AC +6)))
You cannot fit into any form of body armour.
((You are cold-blooded and may be slowed by cold attacks.))


Message History

The big kobold zombie hits you but does no damage.
Okay, then.
Casting: Flame Tongue
Confirm with . or Enter, or press ? or * to list all spells.
Aiming: Flame Tongue
Press: ? - help, Shift-Dir - straight line, f - mummy
Aim: a mummy The flame tongue hits the mummy.
The mummy is burned terribly!
The mummy is severely damaged.
The big kobold zombie hits you but does no damage. x2
The mummy hits you but does no damage.
Casting: Flame Tongue
Confirm with . or Enter, or press ? or * to list all spells.
Aiming: Flame Tongue
Press: ? - help, Shift-Dir - straight line, f/p - mummy
Aim: a mummy (severely damaged)
The flame tongue hits the mummy.
The mummy is burned terribly!
The mummy is almost destroyed.
The big kobold zombie hits you.
You die...

#..M.MZ........#
#'##........#
##..##Z.....##
##....##....##
##......#....#
#$......#....#
#$.!....#....#
#$MZZ...#....#
##$♣?...#....#
#$$...##....#
##$...##....#
#$!.###.∩∩.#
##### ######


You could see a mummy and 2 big kobold zombies.

Vanquished Creatures
  2 bullfrog skeletons (D:4)
  A worker ant (D:3)
  6 mummies (Ossuary)
  5 adders
  An ooze (D:2)
  3 worms
  2 dart slugs
  A leopard gecko (D:2)
  A giant cockroach (D:3)
  4 gnoll zombies (Ossuary)
  8 goblins
  10 hobgoblins
  11 jackals
  2 quokkas
  2 ball pythons (D:1)
  7 bats
  2 frilled lizards
  A hobgoblin zombie (Ossuary)
  9 kobolds
  An orc zombie (Ossuary)
  7 rats
86 creatures vanquished.

Notes
Turn   | Place    | Note
-------+----------+-------------------------------------------
     0 | D:1      | skittles the Draconian Fire Elementalist began the quest for the Orb.
     0 | D:1      | Reached XP level 1. HP: 14/14 MP: 3/3
   294 | D:1      | Reached XP level 2. HP: 16/22 MP: 3/5
   513 | D:1      | Reached skill level 1 in Fighting
   552 | D:1      | You fall through a shaft!
   947 | D:1      | Reached XP level 3. HP: 23/28 MP: 1/6
  1644 | D:2      | Learned a level 3 spell: Conjure Flame
  1678 | D:2      | Reached XP level 4. HP: 33/36 MP: 7/7
  2014 | D:3      | HP: 1/36 [poisoned by a worker ant]
  2359 | D:3      | Found a deep blue altar of Sif Muna.
  2741 | D:3      | Reached skill level 4 in Fire Magic
  2741 | D:3      | Reached XP level 5. HP: 34/42 MP: 1/8
  3192 | D:3      | Found a radiant altar of Vehumet.
  3198 | D:3      | Became a worshipper of Vehumet
  3396 | D:4      | Found a sand-covered staircase.
  3410 | Ossuary  | Entered an ossuary
  3522 | Ossuary  | Reached XP level 6. HP: 9/50 MP: 3/9
  3525 | Ossuary  | HP: 3/75 [mummy (5)]
  3529 | Ossuary  | HP: 1/75 [mummy (1)]
  3532 | Ossuary  | Slain by a big kobold zombie

Skill      XL: |  1  2  3  4  5  6 |
---------------+-------------------+-----
Dodging        | 2 3 |  3.3
Fighting       | 1 2 3 |  3.0
Conjurations   | 2 3 |  3.1
Fire Magic     | 4 |  4.3
Stealth        | |  1.7
Spellcasting   | |  2.0

Action                   |  1- 3 |  4- 6 || total
-------------------------+-------+-------++-------
Melee: Unarmed           |    14 |       ||    14
       Dagger            |    36 |       ||    36
       Tailslap          |     6 |    10 ||    16
       Spear             |    72 |   165 ||   237
 Cast: Flame Tongue      |    33 |    67 ||   100
       Conjure Flame     |       |     2 ||     2
  Use: Potion            |       |    10 ||    10
 Stab: Sleeping          |     1 |     2 ||     3
  Eat: Chunk             |     3 |     7 ||    10
Armor: Skin              |    56 |    90 ||   146
Dodge: Dodged            |   149 |   147 ||   296
